 Dungeon Crawl Stone Soup version 0.31-a0-845-g9abc20d24f (webtiles) character file.

Game seed: 5134780399106540934

83803 avis the Spry (level 15, -18/105 HPs)
             Began as a Felid Shapeshifter on Sept 30, 2023.
             Was an Initiate of Gozag.
             Killed by the raging water
             ... invoked by a water nymph
              (47 damage)
             ... on level 1 of the Shoals on Oct 1, 2023.
             The game lasted 03:38:33 (32288 turns).

avis the Spry (Felid Shapeshifter)                 Turns: 32288, Time: 03:38:34

Health: -18/105    AC: 12    Str: 21    XL:     15   Next: 33%
Magic:  16/22      EV: 22    Int: 11    God:    Gozag
Gold:   2994       SH:  5    Dex: 25    Spells: 5/22 levels left
                                        Lives:  0   Deaths: 5

rFire   + +          .
                       - Unarmed
rCold   . . .        (shield unavailable)
rNeg    . . .        (body armour unavailable)
rPois   +            (helmet unavailable)
rElec   .            (cloak unavailable)
rCorr   .            (gloves unavailable)
SInv    +            (boots unavailable)
Will    ++...        m - amulet of reflection
Stlth   +++++        r - ring of protection from cold
HPRegen 0.37/turn    v - ring of wizardry
MPRegen 0.18/turn

%: reflection, wizardry (x1)
@: dragon-form, gold aura, flying, studying 3 skills
A: dragon claw, dragon scales, breathe fire, flying, boosted hp, giant, (claws
1), (fangs 3), see invisible, (speed 1), (shaggy fur 3), (stealthy paws), no
weapons or thrown items, no armour, multi-lived, (iridescent scales 1), agile 1,
wild magic 1, noise suppression
a: Breathe Fire, Begin Untransformation, Renounce Religion, Potion Petition,
Call Merchant, Bribe Branch


You were on level 1 of the Shoals.
You worshipped Gozag.
Gozag was most pleased with you.
You were a fearsome dragon!
You visited 6 branches of the dungeon, and saw 20 of its levels.
You also visited: Sewer.

You collected 7750 gold pieces.
You spent 2401 gold pieces at shops.
You paid 2355 gold pieces to Gozag.

Inventory:

Jewellery
 b - the ring "Ulowuse" {rPois rF++}
   (You bought it in a shop on level 1 of the Lair of Beasts)

   [ring of poison resistance]

   rF++:      It greatly protects you from fire.
   rPois:     It protects you from poison
 m - an amulet of reflection (around neck)
 r - a ring of protection from cold (left foreclaw)
 v - a ring of wizardry (right foreclaw)
Talismans
 l - a blade talisman
 s - a serpent talisman
 D - a dragon-blood talisman (active)
Wands
 c - a wand of iceblast (4)
 e - a wand of polymorph (4)
 k - a wand of charming (11)
 x - a wand of flame (21)
 z - a wand of quicksilver (2)
Scrolls
 a - 2 scrolls of teleportation
 o - 7 scrolls of fog
 p - 4 scrolls of blinking
 t - 2 scrolls of poison
 w - a scroll of revelation
 y - a scroll of identify
 F - a scroll of immolation
Potions
 f - 2 potions of lignification
 g - a potion of heal wounds
 h - 6 potions of curing
 i - a potion of ambrosia
 j - a potion of magic
 n - 2 potions of brilliance
 q - a potion of invisibility
 A - a potion of enlightenment
 B - a potion of cancellation
 C - a potion of resistance
 E - a potion of berserk rage
 G - 6 potions of might
Miscellaneous
 d - a lightning rod (4/4)
 u - a tin of tremorstones (2/2)


   Skills:
 - Level 11.0 Fighting
 - Level 18.0 Dodging
 + Level 11.3 Stealth
 - Level 9.0 Unarmed Combat
 * Level 4.4 Spellcasting
 - Level 9.5 Translocations
 * Level 4.7 Ice Magic
 + Level 4.9 Evocations
 - Level 16.0 Shapeshifting


You had 5 spell levels left.
You knew the following spells:

 Your Spells              Type           Power      Damage    Failure   Level
b - Blink                 Tloc           60%        N/A       1%          2
g - Passage of Golubria   Tloc           30%        N/A       3%          4
m - Manifold Assault      Tloc           30%        N/A       3%          4
o - Ozocubu's Armour      Ice            16%        N/A       6%          3
v - Vhi's Electric Charg  Tloc/Air       32%        N/A       17%         4

Your spell library contained the following spells:

 Spells                   Type           Power      Damage    Failure   Level
 Apportation              Tloc           60%        N/A       1%          1
 Necrotise                Necr           12%        1d4       12%         1
 Summon Small Mammal      Summ           12%        N/A       12%         1
 Poisonous Vapours        Pois/Air       6%         N/A       19%         2
 Dazzling Flash           Conj/Hex       6%         N/A       32%         3
 Mephitic Cloud           Conj/Pois/Air  3%         N/A       32%         3
 Metabolic Englaciation   Hex/Ice        4%         N/A       71%         5
 Freezing Cloud           Conj/Ice/Air   3%         6-21      80%         5
 Agony                    Necr           3%         N/A       94%         5
 Alistair's Intoxication  Tmut/Pois      2%         N/A       94%         5
 Arcjolt                  Conj/Air       1%         1d11      94%         5
 Borgnjor's Vile Clutch   Necr/Erth      1%         N/A       94%         5
 Silence                  Hex/Air        1%         N/A       94%         5
 Eringya's Noxious Bog    Tmut/Pois      1%         4d6       100%        6
 Plasma Beam              Fire/Air       1%         2x1d11    100%        6
 Ozocubu's Refrigeration  Ice            8%         4d9       100%        7
 Lehudib's Crystal Spear  Conj/Erth      1%         10d2      100%        8
 Simulacrum               Ice/Necr       Unusable   N/A       N/A         6

Dungeon Overview and Level Annotations

Branches:
Dungeon (10/15)            Temple (1/1) D:4            Lair (5/5) D:10
 Shoals (1/4) Lair:3        Snake (1/4) Lair:2        Slime (0/5) Lair:5
    Orc (2/2) D:9             Elf (0/3) Orc:2         Sewer (visited)

Altars:
Ashenzari
Cheibriados
Dithmenos
Elyvilon
Fedhas
Gozag
Hepliaklqana
Kikubaaqudgha
Makhleb
Nemelex Xobeh
Okawaru
Qazlal
Ru
Sif Muna
Trog
Uskayaw
Vehumet
Wu Jian
Xom
Yredelemnul
Zin
The Shining One
Jiyva

Shops:
Orc:2 **!?   Lair:1 =   Lair:2 :

Portals:
Abyss: Lair:1

Annotations:
Lair:1 2 transporters, Kurtz's ghost, journeyman OpFi
Lair:4 1 runed translucent door, Kurtz's ghost, journeyman OpFi
Shoals:1 6 transporters
Orc:1 3 runed translucent doors, Qur Och's ghost, adept FeSh


Innate Abilities, Weirdness & Mutations

You are a fearsome dragon!
You have a powerful clawing attack.
Your giant scaled body is strong and resilient, but less evasive.
You can breathe fire.
You are flying.
Your maximum health is greatly increased.
((You have sharp claws.))
((You have razor-sharp teeth.))
You have supernaturally acute eyesight. (SInv)
((You cover ground quickly. (Speed+)))
((Your thick and shaggy fur keeps you warm. (AC +3, rC+)))
((Your paws help you pounce on unaware monsters.))
You are incapable of wielding weapons or throwing items.
You cannot wear armour.
You gain extra lives every three experience levels.
((You are partially covered in iridescent scales. (AC +2)))
You are agile. (Dex +4, Str/Int -1)
Your spells are a little harder to cast, but a little more powerful.
You passively dampen the noise of your surroundings.


Message History

Space momentarily warps into an impossible shape!
You maul the sea snake!!!
The sea snake hisses angrily.
Casting: Manifold Assault (dangerous; 3% risk of failure)
Confirm with . or Enter, or press ? or * to list all spells.
Space momentarily warps into an impossible shape!
You hit the sea snake.
Casting: Manifold Assault (dangerous; 3% risk of failure)
Confirm with . or Enter, or press ? or * to list all spells.
Space momentarily warps into an impossible shape!
You bite the sea snake!!
You kill the sea snake!
You now have 2994 gold pieces (gained 7).
F - a scroll of immolation
Found a transporter.
A snapping turtle comes into view.
A water nymph comes into view.
The water nymph moves out of view.
A manticore comes into view.
The helpless snapping turtle fails to defend itself.
You maul the snapping turtle!!!
You kill the snapping turtle!
The water nymph shouts!
The water nymph casts a spell at you. The water rises up and strikes you!!
The water nymph gestures at you while chanting.
The water rises up and strikes you!
You see here 6 gold pieces.
The water nymph casts a spell at you. The water rises up and strikes you!!
The water nymph touches you. The water nymph drowns you!
* * * LOW HITPOINT WARNING * * *
You barely miss the water nymph.
You tail-slap the water nymph, but do no damage.
You bite the water nymph.
The water nymph is lightly wounded.
The water nymph points at you and mumbles some strange words.
The water rises up and strikes you!!!
You die...
Your body crumbles into a pile of gold.

............~~~~≈≈≈≈≈#
............~H~≈≈≈≈≈≈#
.............~~≈≈≈≈≈≈#
...........#..~~≈≈≈≈≈#
...........#.~~~≈≈≈≈≈#
............~~~~≈≈≈≈≈#
#.##.......~~~$~≈≈≈≈≈#
..©#....~~~~~~~≈≈≈≈≈≈#
.©....~~~~~~~~≈≈D≈≈≈≈#
©..#~~~~~~~~≈≈≈≈≈m≈≈≈#
#.##~~~~~≈≈≈≈≈≈≈≈≈≈≈≈#
..~~~~≈≈≈≈≈≈≈≈≈≈≈≈≈≈≈#
~~~~~≈≈≈≈≈≈≈≈≈≈≈≈≈≈≈≈#
~~~~≈≈≈≈≈≈≈≈≈≈≈≈≈≈≈≈≈#
~~~~≈≈≈≈≈≈≈≈≈≈≈≈≈≈≈≈≈#
~~~~~≈≈≈≈≈≈≈≈≈≈≈≈≈≈≈≈#
.~~~~≈≈≈≈≈≈≈≈≈≈≈≈≈


You could see a manticore (asleep) and a water nymph.

Vanquished Creatures
  Aizul (Snake:1)
  2 minotaurs
  A fire dragon (Lair:1)
  4 hydras
  Harold (D:9)
  2 catoblepae
  8 two-headed ogres
  4 ogre magi (Orc:2)
  A merfolk avatar (Shoals:1)
  9 death yaks
  3 naga warriors (Snake:1)
  A deep troll shaman (Lair:5)
  A naga sharpshooter (Snake:1)
  A shock serpent (Snake:1)
  2 skysharks
  6 sea snakes
  A lindwurm (Lair:5)
  4 harpies
  3 mana vipers (Snake:1)
  3 manticores (Shoals:1)
  4 salamanders
  7 fauns
  A cyclops (D:9)
  13 elephants
  A guardian serpent (Snake:1)
  2 merfolk sirens (Shoals:1)
  6 black mambas
  A water nymph (D:8)
  A naga mage (Snake:1)
  A gargoyle (D:8)
  An unseen horror (D:10)
  11 cane toads
  2 rime drakes (Lair:4)
  2 kobold demonologists (D:9)
  7 komodo dragons
  2 merfolk (Shoals:1)
  2 trolls
  2 wind drakes (Shoals:1)
  7 dream sheep (Lair:5)
  6 polar bears
  29 blink frogs
  5 snapping turtles (Shoals:1)
  4 slime creatures (D:9)
  2 shadows
  43 yaks
  3 wraiths
  3 basilisks
  6 wyverns
  A steam dragon (D:9)
  Menkaure (D:4)
  16 water moccasins
  12 nagas (Snake:1)
  An acid dragon (D:9)
  Duvessa (D:5)
  An ice beast (D:8)
  Pargi (Sewer)
  2 sky beasts (D:7)
  3 black bears
  12 orc warriors
  18 ogres
  31 wolves
  7 centaurs
  A phantom (D:5)
  2 kobold brigands
  17 bullfrogs
  Dowan (D:5)
  A wight (D:9)
  12 killer bees
  3 electric eels
  A howler monkey (D:7)
  3 lava snakes (Lair:2)
  3 jellies
  5 hounds
  14 orc priests
  A gnoll bouda (D:8)
  2 sleepcaps
  Jessica (D:2)
  3 iguanas
  22 orc wizards
  Natasha (thrice) (D:1)
  12 hell rats
  3 gnolls
  5 adders
  A shadow imp (D:7)
  A white imp (D:8)
  3 ufetubi
  2 worms
  A dart slug (D:1)
  71 orcs
  15 ball pythons
  9 endoplasms
  12 giant cockroaches
  7 goblins
  13 hobgoblins
  7 quokkas
  2 bats (D:2)
  6 frilled lizards
  17 kobolds
  5 rats
  3 butterflies (Lair:5)
629 creatures vanquished.

Notes
Turn   | Place    | Note
-------+----------+-------------------------------------------
     0 | D:1      | avis the Felid Shapeshifter began the quest for the Orb.
     0 | D:1      | Reached XP level 1. HP: 9/9 MP: 2/2
   146 | D:1      | You fall into a shaft and drop 1 floor!
   165 | D:1      | Reached XP level 2. HP: 13/13 MP: 3/3
   185 | D:1      | Reached skill level 3 in Dodging
   225 | D:1      | Found a faded altar of an unknown god.
   306 | D:1      | Reached skill level 1 in Stealth
   972 | D:2      | Noticed Natasha
   978 | D:1      | Reached XP level 3. HP: 16/16 MP: 4/4
  1105 | D:1      | Killed Natasha
  1274 | D:1      | Noticed Natasha
  1289 | D:1      | Killed Natasha
  1290 | D:1      | Reached XP level 4. HP: 6/21 MP: 5/5
  1353 | D:1      | Noticed Natasha
  1373 | D:1      | Killed Natasha
  1374 | D:1      | Reached skill level 4 in Dodging
  1651 | D:2      | Noticed Jessica
  1769 | D:2      | Killed Jessica
  1770 | D:2      | Reached skill level 5 in Dodging
  1770 | D:2      | Reached XP level 5. HP: 18/24 MP: 6/6
  1813 | D:2      | Noticed Terence
  1814 | D:2      | Terence changed into Terence the giant cockroach
  1814 | D:2      | Noticed Terence
  1819 | D:2      | Killed Terence the giant cockroach
  2435 | D:3      | Found a glowing drain.
  2459 | Sewer    | Entered a sewer
  2508 | Sewer    | Noticed Pargi
  2533 | Sewer    | Killed Pargi
  2534 | Sewer    | Reached skill level 6 in Dodging
  2534 | Sewer    | Reached skill level 1 in Evocations
  2534 | Sewer    | Gained mutation: You are covered in thick fur. (AC +2)
                  | [Felid growth]
  2534 | Sewer    | Reached XP level 6. HP: 13/28 MP: 7/7
  2854 | D:3      | Found a blossoming altar of Fedhas.
  2872 | D:3      | Found an ornate altar of the Wu Jian Council.
  3293 | D:3      | Found an ancient bone altar of Kikubaaqudgha.
  3814 | D:4      | Found a staircase to the Ecumenical Temple.
  3881 | Temple   | Entered the Ecumenical Temple
  3891 | Temple   | Became a worshipper of Gozag Ym Sagoz the Greedy
  4163 | D:4      | Reached skill level 5 in Shapeshifting
  4530 | D:5      | Entered Level 5 of the Dungeon
  4531 | D:5      | Noticed Menkaure
  4741 | D:4      | Killed Menkaure
  4742 | D:4      | Reached XP level 7. HP: 12/32 MP: 8/8
  4868 | D:5      | Noticed Dowan
  5904 | D:5      | Reached skill level 7 in Dodging
  5937 | D:5      | Noticed Duvessa
  5953 | D:5      | Killed Duvessa
  5971 | D:5      | Killed Dowan
  5972 | D:5      | Reached skill level 8 in Dodging
  6332 | D:5      | Noticed a two-headed ogre
  6447 | D:5      | Reached skill level 9 in Dodging
  6536 | D:5      | HP: 1/48 [two-headed ogre/+0 giant club (14)]
  6544 | D:5      | HP: 2/48 [two-headed ogre/+0 giant club (20)]
  6544 | D:5      | Mangled by a two-headed ogre
  6571 | D:5      | Killed a two-headed ogre
  6572 | D:5      | Reached XP level 8. HP: 10/36 MP: 3/9
  6799 | D:5      | Reached skill level 5 in Fighting
  6966 | D:5      | Slain by an orc warrior
  7624 | D:6      | Reached XP level 9. HP: 38/41 MP: 10/10
  8141 | D:7      | Found a radiant altar of Vehumet.
  8170 | D:7      | Reached skill level 10 in Dodging
  8477 | D:7      | Reached skill level 11 in Dodging
  8782 | D:7      | Found a bloodstained altar of Trog.
  8789 | D:7      | Got an innocuous book
  9321 | D:8      | Noticed a troll
  9331 | D:8      | Reached skill level 12 in Dodging
  9342 | D:8      | Killed a troll
  9498 | D:8      | Found a sparkling altar of Nemelex Xobeh.
  9737 | D:8      | Found a stormy altar of Qazlal.
  9763 | D:8      | Learned a level 3 spell: Ozocubu's Armour
  9795 | D:8      | Noticed a cyclops
  9816 | D:8      | Noticed a troll
  9817 | D:8      | Reached XP level 10. HP: 45/45 MP: 6/11
  9830 | D:8      | Reached skill level 1 in Ice Magic
  9834 | D:8      | a troll changed into a black mamba
  9834 | D:8      | Noticed a black mamba
  9835 | D:8      | a black mamba changed into a polar bear
  9846 | D:8      | a cyclops changed into a water nymph
  9846 | D:8      | Noticed a water nymph
  9853 | D:8      | Killed a water nymph
 10047 | D:8      | Found a white marble altar of Elyvilon.
 10047 | D:8      | Found a glowing silver altar of Zin.
 10047 | D:8      | Found a glowing golden altar of the Shining One.
 10299 | D:9      | Found a staircase to the Orcish Mines.
 10429 | D:9      | Noticed a gargoyle
 10450 | D:8      | Killed a gargoyle
 10451 | D:8      | Reached skill level 5 in Stealth
 10575 | D:9      | Reached skill level 13 in Dodging
 10706 | D:9      | Gained mutation: You are agile. (Dex +4, Str/Int -1)
                  | [potion of mutation]
 10706 | D:9      | Gained mutation: You have hidden genetic potential. [potion
                  | of mutation]
 10706 | D:9      | Gained mutation: You are partially covered in iridescent
                  | scales. (AC +2) [potion of mutation]
 11196 | D:9      | Found a shadowy altar of Dithmenos.
 11215 | D:9      | Reached skill level 14 in Dodging
 11257 | D:9      | Demolished by a very large slime creature
 11281 | D:9      | Reached skill level 15 in Dodging
 11303 | D:9      | Reached XP level 11. HP: 34/50 MP: 6/12
 11503 | D:9      | Noticed a five-headed hydra
 11521 | D:9      | Killed a five-headed hydra
 11811 | D:10     | Entered Level 10 of the Dungeon
 12391 | D:9      | Noticed a soul eater
 12393 | D:9      | Reached skill level 1 in Spellcasting
 12478 | D:10     | Gained mutation: You passively dampen the noise of your
                  | surroundings. [hidden potential]
 12531 | D:10     | Noticed Harold
 12555 | D:9      | Reached skill level 10 in Shapeshifting
 12668 | D:9      | Killed Harold
 12785 | D:10     | Found a hazy altar of Hepliaklqana.
 12912 | D:10     | Found a staircase to the Lair.
 13529 | Lair:1   | Entered Level 1 of the Lair of Beasts
 13793 | Lair:1   | You fall into a shaft and drop 1 floor!
 13999 | Lair:1   | Found a transporter.
 14016 | Lair:1   | Found a one-way gate to the infinite horrors of the Abyss.
 14016 | Lair:1   | Noticed Kurtz's ghost (journeyman OpFi)
 14023 | Lair:1   | Noticed a cyan ugly thing
 14117 | Lair:1   | Noticed a spriggan rider
 14118 | Lair:1   | Found a transporter.
 14133 | Lair:1   | Reached skill level 5 in Unarmed Combat
 14133 | Lair:1   | Gained mutation: Your thick and shaggy fur keeps you warm.
                  | (AC +3, rC+) [Felid growth]
 14133 | Lair:1   | Reached XP level 12. HP: 19/55 MP: 8/14
 14409 | Lair:1   | Found a sacrificial altar of Ru.
 14963 | Lair:1   | Identified a scroll of acquirement
 14969 | Lair:1   | Acquired 986 gold pieces
 14972 | Lair:1   | Bought the ring "Ulowuse" {rPois rF++} for 623 gold pieces
 15175 | Lair:2   | Noticed a death yak
 15179 | Lair:2   | Noticed a death yak
 15179 | Lair:2   | Noticed a death yak
 15207 | Lair:1   | Killed a death yak
 15293 | Lair:2   | Noticed a death yak
 15310 | Lair:1   | Killed a death yak
 15334 | Lair:1   | Gained mutation: Your spells are a little harder to cast,
                  | but a little more powerful. [hidden potential]
 15334 | Lair:1   | Lost mutation: You have hidden genetic potential. [hidden
                  | potential expressed]
 15350 | Lair:1   | Killed a death yak
 15443 | Lair:1   | Killed a death yak
 15466 | Lair:2   | Noticed a five-headed hydra
 15534 | Lair:2   | Noticed a catoblepas
 15821 | Lair:1   | a five-headed hydra changed into a fire dragon
 15821 | Lair:1   | Noticed a fire dragon
 15830 | Lair:1   | Killed a fire dragon
 15831 | Lair:1   | Reached skill level 16 in Dodging
 16235 | Lair:2   | Found a staircase to the Snake Pit.
 16250 | Lair:2   | Reached skill level 17 in Dodging
 16502 | Lair:2   | Killed a catoblepas
 16584 | Lair:2   | Bought an Inescapable Atlas for 176 gold pieces
 16587 | Lair:2   | Learned a level 2 spell: Blink
 16592 | Lair:2   | Learned a level 4 spell: Manifold Assault
 16881 | Lair:2   | Noticed a four-headed hydra
 16887 | Lair:2   | Killed a four-headed hydra
 16888 | Lair:2   | Reached skill level 18 in Dodging
 17131 | Lair:3   | Found a staircase to the Shoals.
 17477 | Lair:3   | Reached XP level 13. HP: 34/60 MP: 9/15
 17985 | Lair:3   | Found a runed translucent door.
 18375 | Lair:3   | Noticed a minotaur
 18409 | Lair:3   | Killed a minotaur
 18595 | Lair:2   | Acquired a manual of Stealth
 18732 | Lair:4   | Reached skill level 10 in Fighting
 19681 | Lair:4   | Found a runed translucent door.
 19776 | Lair:4   | Noticed Kurtz's ghost (journeyman OpFi)
 19824 | Lair:4   | Identified the +5 trident of the Genius {freeze, Str+3
                  | Dex+2}
 20230 | Lair:4   | Upgraded the game from 0.31-a0-844-gdc52ec4e09 to
                  | 0.31-a0-845-g9abc20d24f
 20450 | Lair:5   | Entered Level 5 of the Lair of Beasts
 20654 | Lair:5   | Reached skill level 10 in Stealth
 21202 | Lair:5   | Reached skill level 1 in Translocations
 21833 | Lair:5   | Reached XP level 14. HP: 67/67 MP: 12/16
 23019 | Lair:5   | Found a viscous altar of Jiyva.
 23020 | Lair:5   | Found a staircase to the Slime Pits.
 23310 | Orc:1    | Entered Level 1 of the Orcish Mines
 24042 | Orc:1    | Found a runed translucent gate.
 24043 | Orc:1    | Found a runed translucent gate.
 24044 | Orc:1    | Found a runed translucent gate.
 24209 | Orc:1    | Noticed Qur Och's ghost (adept FeSh)
 24216 | Orc:1    | Found an iron altar of Okawaru.
 24291 | Orc:2    | Entered Level 2 of the Orcish Mines
 24682 | Orc:2    | Noticed Rupert
 24682 | Orc:2    | Found a staircase to the Elven Halls.
 24740 | Orc:1    | Slain by Rupert
 24786 | Orc:1    | Rupert changed into Rupert the minotaur
 24786 | Orc:1    | Noticed Rupert
 24796 | Orc:1    | Killed Rupert the minotaur
 25130 | Orc:2    | Reached skill level 5 in Translocations
 25605 | Orc:2    | Reached skill level 15 in Shapeshifting
 26430 | Orc:2    | Found Tieg's Magic Scroll Shop.
 26430 | Orc:2    | Found Weseuh's Assorted Antiques.
 26431 | Orc:2    | Found Ypnin's Distillery.
 26431 | Orc:2    | Found Pimpo's Assorted Antiques.
 26964 | Orc:2    | Bought a scroll of identify for 28 gold pieces
 26964 | Orc:2    | Bought a scroll of identify for 28 gold pieces
 26964 | Orc:2    | Bought a scroll of identify for 28 gold pieces
 26964 | Orc:2    | Bought a scroll of fog for 56 gold pieces
 26966 | Orc:2    | Bought 2 potions of heal wounds for 170 gold pieces
 26966 | Orc:2    | Bought a potion of might for 68 gold pieces
 26966 | Orc:2    | Bought a potion of curing for 51 gold pieces
 26966 | Orc:2    | Bought a potion of curing for 51 gold pieces
 26966 | Orc:2    | Bought 2 potions of curing for 102 gold pieces
 26966 | Orc:2    | Bought a potion of invisibility for 136 gold pieces
 27167 | Orc:2    | Bought a wooden ring for 160 gold pieces
 27167 | Orc:2    | Bought a dented garnet amulet for 160 gold pieces
 27171 | Orc:2    | Bought a scroll of identify for 64 gold pieces
 27171 | Orc:2    | Bought a scroll of teleportation for 96 gold pieces
 27173 | Orc:2    | Bought a scroll of poison for 56 gold pieces
 27174 | Orc:2    | Bought a murky clear potion for 28 gold pieces
 27174 | Orc:2    | Bought a notched garnet ring for 160 gold pieces
 27174 | Orc:2    | Bought a potion of berserk rage for 160 gold pieces
 27393 | Snake:1  | Entered Level 1 of the Snake Pit
 28029 | Snake:1  | Noticed Aizul
 28047 | Snake:1  | Killed Aizul
 28400 | Snake:1  | Slain by a naga
 28990 | Snake:1  | Learned a level 4 spell: Passage of Golubria
 29443 | Snake:1  | Reached XP level 15. HP: 70/70 MP: 3/19
 29858 | Shoals:1 | Entered Level 1 of the Shoals
 31038 | Shoals:1 | Found a transporter.
 31039 | Shoals:1 | Found a transporter.
 31945 | Shoals:1 | Learned a level 4 spell: Vhi's Electric Charge
 32051 | Shoals:1 | Found a transporter.
 32098 | Shoals:1 | Found a transporter.
 32100 | Shoals:1 | Found a transporter.
 32270 | Shoals:1 | Found a transporter.
 32288 | Shoals:1 | Killed from afar by a water nymph

Illustrated notes

Levels and vault maps discovered:
D:1:      dpeg_arrival_boxes_within_box, layout_loops_cross,
          chequers_ecumenical_altar_island
D:2:      layout_basic, minmay_misc_feat_five, uniq_natasha, uniq_jessica,
          uniq_terence
D:3:      layout_basic, kiku_gazebo_pond_becter, mainiacjoe_overflow_paths,
          pdpol_wu_jian_five_deadly_venoms, gup_sewer_entry_pipe
D:4:      layout_basic, minmay_temple_entry_statues
D:5:      layout_rooms, kennysheep_windowed_goal, uniq_duvessa, uniq_menkaure
D:6:      layout_cave_pools, kennysheep_flooded_box,
          chequers_serial_rivers_micro_c, minmay_misc_feat_rugged
D:7:      layout_loops_cross, lemuel_round_altar, trog_book, grunt_ministairs_10
D:8:      layout_cave_pools, good_gods_mini_temple,
          mainiacjoe_overflow_concentric_impassable,
          nicolae_overflow_crystal_walls,
          nicolae_concentric_dashed_squares_wild, minmay_manual_mail
D:9:      nzn_winding_woodlands_cross [nzn_winding_woodlands_5x15_twine,
          nzn_winding_woodlands_5x15_lazy_stream,
          nzn_winding_woodlands_5x15_eye, nzn_winding_woodlands_5x15_jagged,
          nzn_winding_woodlands_15x15_boxy_spiral], layout_basic,
          nicolae_dithmenos_the_darkroom
D:10:     layout_stronghold, kennysheep_mini_moat, erik_lair_island,
          kennysheep_generic_room_12, uniq_harold
Temple:   nicolae_temple_two_arcs
Lair:1:   layout_cave_pods, basic_altar, gammafunk_ghost_abyssal_escape
Lair:2:   layout_big_grid, nicolae_snake_entry_warm_welcome, grunt_megastairs_1
Lair:3:   dreamdust_labyrinth, layout_regular_city, minmay_shoals_entry_centaurs
Lair:4:   layout_regular_city, ebering_ghost_funeral_grove,
          chequers_serial_rivers_micro_b, wad_woods_river_01
Lair:5:   grunt_lair_end_beastmaster, layout_hall_layers,
          dpeg_slime_entry_enclosed, lemuel_fruit_fields, lemuel_fruit_fields
Shoals:1: layout_shoals, serial_nicolae_subway, nicolae_sub_station_crystal,
          nicolae_sub_station_stone, nicolae_sub_station_metal
Snake:1:  layout_chambers, nicolae_triple_integral, lemuel_fruit_tree,
          serial_bayou_shore_a, uniq_aizul
Orc:1:    layout_caves, gammafunk_ghost_fury_of_okawaru
Orc:2:    st_orc_ogre_mass, layout_caves, uniq_rupert

Skill      XL: |  1  2  3  4  5  6  7  8  9 10 11 12 13 14 15 |
---------------+----------------------------------------------+-----
Fighting       | 2 3 4 6 7 8 9 11 | 11.0
Dodging        | 3 5 6 9 12 15 18 | 18.0
Stealth        | 1 2 3 4 5 6 10 11 | 11.3
Evocations     | 1 2 3 4 |  4.9
Shapeshifting  | 4 5 7 8 9 12 13 16 | 16.0
Unarmed Combat | 4 5 6 9 |  9.0
Ice Magic      | 1 3 4 |  4.7
Spellcasting   | 1 2 4 |  4.4
Translocations | 3 9 |  9.5

Action                     |  1- 3 |  4- 6 |  7- 9 | 10-12 | 13-15 || total
---------------------------+-------+-------+-------+-------+-------++-------
  Melee: Unarmed           |    68 |   204 |   359 |   907 |   946 ||  2484
         Bite              |     3 |    16 |    40 |   161 |   119 ||   339
         Punch             |     1 |     4 |    14 |     4 |    53 ||    76
         Tailslap          |       |       |       |       |    40 ||    40
   Cast: Ozocubu's Armour  |       |       |       |       |    10 ||    10
         Manifold Assault  |       |       |       |       |   153 ||   153
         Blink             |       |       |       |       |     3 ||     3
 Invoke: Potion Petition   |       |       |       |     2 |       ||     2
         Call Merchant     |       |       |       |     2 |       ||     2
Ability: Breathe Fire      |       |       |       |       |    20 ||    20
  Evoke: Wand              |       |     1 |     2 |    24 |    19 ||    46
    Use: Scroll            |       |     5 |       |    11 |    12 ||    28
         Potion            |       |     2 |     6 |    12 |     9 ||    29
   Stab: Sleeping          |     2 |     9 |     3 |     2 |    23 ||    39
         Distracted        |       |     1 |     4 |     3 |    12 ||    20
         Petrified         |       |       |       |       |     2 ||     2
         Petrifying        |       |       |       |       |     1 ||     1
 Armour: Skin              |    25 |    74 |   115 |   183 |   272 ||   669
  Dodge: Dodged            |    51 |   129 |   357 |   999 |   802 ||  2338
  Block: Other             |       |       |       |       |    28 ||    28
         Reflection        |       |       |       |       |     5 ||     5
   Form: Flux              |       |       |     1 |       |       ||     1
         Blade             |       |       |       |     1 |     4 ||     5
         Dragon            |       |       |       |       |     3 ||     3
         Anaconda          |       |       |       |       |     2 ||     2

Table legend: (Time is in decaauts)
 A = Elapsed time spent in this place.
 B = Non-inter-level travel time spent in this place.
 C = Inter-level travel time spent in this place.
 D = Time resting spent in this place.
 E = Time spent auto-exploring this place.
 F = Levels seen in this place.
 G = Mean time per level.
                   A        B        C        D        E       F      G
               +--------+--------+--------+--------+--------+-----+--------+
         Total |  29405 |  26652 |   2753 |  10072 |   7429 |  21 | 1400.2 |
       Dungeon |  11828 |  10434 |   1394 |   3137 |   3683 |  10 | 1182.8 |
        Temple |     19 |      5 |     14 |      0 |      0 |   1 |   19.0 |
          Lair |   9885 |   9024 |    861 |   3716 |   2489 |   5 | 1977.0 |
        Shoals |   1297 |   1297 |      0 |    644 |      0 |   1 | 1297.0 |
     Snake Pit |   2362 |   2324 |     38 |    880 |    500 |   1 | 2362.0 |
  Orcish Mines |   3693 |   3248 |    445 |   1568 |    685 |   2 | 1846.5 |
         Sewer |    319 |    319 |      0 |    125 |     70 |   1 |  319.0 |
               +--------+--------+--------+--------+--------+-----+--------+

Top non-repeatable levels by time:
  Lair:3: 2500 daAuts
   Orc:1: 2407 daAuts
 Snake:1: 2362 daAuts
  Lair:1: 2241 daAuts
  Lair:5: 2065 daAuts
     D:9: 2058 daAuts
     D:4: 1895 daAuts
  Lair:4: 1763 daAuts
     D:5: 1451 daAuts
  Lair:2: 1313 daAuts
Shoals:1: 1297 daAuts
   Orc:2: 1286 daAuts
     D:1: 1214 daAuts
    D:10: 1060 daAuts
     D:8: 981 daAuts
